 Dungeon Crawl Stone Soup version 0.10.0-14-ga75c42d character file.

4179 RapierX2 the Magician (level 9, -2/72 HPs)
             Began as a Demigod Assassin on Mar 4, 2012.
             Slain by an orc warrior
             ... wielding a +0,+1 orcish hand axe
              (22 damage)
             ... on Level 8 of the Dungeon.
             The game lasted 01:13:30 (10457 turns).

RapierX2 the Magician (Demigod Assassin)           Turns: 10457, Time: 01:13:30

HP  -2/72        AC  4     Str 15 (17) XL: 9   Next: 74%
MP  19/24        EV 12     Int 24      God:
Gold 352         SH  0     Dex 17      Spells:  3 memorised, 15 levels left

Res.Fire  : + . .   See Invis. : .   P - +4,+2 quarterstaff (speed)
Res.Cold  : + . .   Warding    : . . D - +1 elf robe {rC+ rF+}
Life Prot.: . . .   Conserve   : .   (no shield)
Res.Acid. : . . .   Res.Corr.  : .   (no helmet)
Res.Poison: .       Clarity    : .   d - +0 cloak
Res.Elec. : .       Spirit.Shd : .   (no gloves)
Sust.Abil.: . .     Stasis     : .   (no boots)
Res.Mut.  : .       Ctrl.Telep.: .   (no amulet)
Res.Rott. : .       Levitation : .   F - +5 ring of intelligence
Saprovore : . . .   Ctrl.Flight: .   r - ring of Phatipsa {+Inv Stlth++}

@: somewhat resistant to hostile enchantments, quite stealthy
A: no striking features
a: Evoke Invisibility


You were on level 8 of the Dungeon.
You were not hungry.

You visited 1 branch of the dungeon, and saw 8 of its levels.
You visited 1 portal chamber: sewer.

You collected 302 gold pieces.

Inventory:

Hand weapons
 a - a +2,+2 dagger {=f}
 b - a +0 blowgun
 u - a +1,+3 orcish trident
 v - a +0,+0 long sword
 H - a +0,+2 whip of electrocution
 P - a +4,+2 quarterstaff of speed (weapon)
 R - a +0,+0 lajatang
Missiles
 e - 32 poisoned +0 needles
 o - 31 +0 stones (quivered)
 K - a curare-tipped +0 needle
Armour
 d - a +0 cloak (worn)
 y - a +0 robe of magic resistance
 D - a +1 elven robe of resistance (worn)
 E - a +2 elven robe
Magical devices
 c - a wand of confusion (10) {unknown}
 j - a wand of draining (8)
 s - a wand of slowing (7)
 I - a wand of magic darts (13)
 L - a wand of magic darts (13)
Comestibles
 g - 4 bread rations
 h - a meat ration
 M - a rotting chunk of bat flesh
Scrolls
 f - a scroll of curse armour {unknown}
 i - a scroll of amnesia
 k - 2 scrolls of blinking
 l - 3 scrolls of fear
 m - 3 scrolls of teleportation
 n - 5 scrolls of detect curse
 p - 7 scrolls of identify
 t - a scroll of remove curse {unknown}
 A - 3 scrolls of magic mapping
 C - a scroll of recharging {unknown}
Jewellery
 r - the ring of Phatipsa (left hand) {+Inv Stlth++}
   (You found it on level 6 of the Dungeon)

   [ring of invisibility]

   It makes you much more stealthy.
 x - a +1 ring of strength
 B - an uncursed ring of fire {unknown}
 F - a +5 ring of intelligence (right hand)
 S - an uncursed ring of invisibility {unknown}
Potions
 w - a potion of might {unknown}
 z - a potion of degeneration {unknown}
 J - a potion of berserk rage {unknown}
 O - a potion of resistance {unknown}
Books
 G - a book of Frost

   Spells                             Type                      Level
   *Freeze                            Ice                          1
   *Throw Frost                       Conjuration/Ice              2
   Ozocubu's Armour                   Charms/Ice                   3
   Throw Icicle                       Conjuration/Ice              4
   *Summon Ice Beast                  Ice/Summoning                4
   Condensation Shield                Ice/Transmutation            4


   Skills:
 + Level 6,3 Fighting
 - Level 1,7 Short Blades
 + Level 3,4 Staves
 - Level 1,7 Throwing
 - Level 0,8 Dodging
 - Level 2,6 Stealth
 - Level 1,7 Stabbing
 * Level 7,0 Spellcasting
 - Level 6,5 Ice Magic


You had 15 spell levels left.
You knew the following spells:

 Your Spells              Type           Power        Failure   Level  Hunger
a - Freeze                Ice            #####        1%          1    None
b - Throw Frost           Ice/Conj       ####...      2%          2    None
c - Summon Ice Beast      Ice/Summ       ####......   21%         4    Choko

Dungeon Overview and Level Annotations

Branches:
Dungeon (8/27)             Temple (0/1) D:4
    Orc: D:6-11        Lair: D:8-13

Annotations
D:4 laxity's ghost, average DEFE


Message History

You see here a runed arrow.
The centaur shoots a runed arrow.
The runed arrow hits you!
* * * LOW HITPOINT WARNING * * *
You see here a runed arrow.
The centaur shoots a runed arrow.
The runed arrow hits you!
* * * LOW HITPOINT WARNING * * *
You see here a runed arrow.
Drink which item? (? for menu, Esc to quit)
You feel better.
The orc warrior hits you with an orcish hand axe!
* * * LOW HITPOINT WARNING * * *
Drink which item? (? for menu, Esc to quit)
You feel better.
Drink which item? (? for menu, Esc to quit)
You feel better. The orc warrior barely misses you.
Casting: Freeze
Confirm with . or Enter, or press ? or * to list all spells.
A chill wind blows around you.
The orc warrior hits you with an orcish hand axe!
You die...

# # ####### ######## ##### #
#.....# #......# #...> # #%....#
#......# #.... ##
#.....#########......# #<.(.
.####...(.z(..co@.I......####.)..
..........#########.........+....
#####.....# #......####(...
####.## ##.##### #.... ##.# #..#
##### #..# ##.# # #.## #.# #
#######.### #####'## ##
.#........# #......# #.


You could see an orc warrior, a centaur, an iguana skeleton and a friendly ice
beast.

Vanquished Creatures
  Pikel (D:4)
  Prince Ribbit (D:4)
  A giant goldfish (D:7)
  An orc warrior (D:8)
  3 sky beasts
  A slave (D:4)
  A phantom (D:7)
  3 ogres
  A centaur (D:5)
  A water moccasin (D:8)
  3 giant frogs
  5 jellyfish (D:8)
  A shadow (D:8)
  A goliath beetle (D:8)
  6 crimson imps
  5 orc priests
  A hound (D:7)
  6 orc wizards
  2 scorpions
  A hound skeleton (D:7)
  2 iguanas
  3 worker ants
  4 jellies
  Ijyb (D:5)
  2 big fish zombies (D:5)
  Terence (D:2)
  7 adders
  An iguana zombie (D:5)
  A green rat (D:5)
  2 iguana skeletons (D:7)
  4 giant mites
  A giant eyeball (D:6)
  4 giant geckos
  2 oozes
  32 orcs
  6 giant cockroaches
  14 goblins
  3 grey rats (D:5)
  16 hobgoblins
  7 jackals
  A quokka (D:7)
  3 ball pythons
  15 bats
  9 giant newts
  12 kobolds
  An orc skeleton (D:7)
  An orc zombie (D:6)
  20 rats
  A rat zombie (D:5)
  8 toadstools
229 creatures vanquished.

Vanquished Creatures (collateral kills)
  A sky beast (D:7)
  3 orc warriors
  A giant goldfish (D:7)
  Duvessa (D:7)
  A giant frog (D:7)
  A centaur (D:8)
  5 jellyfish
  A hound (D:8)
  A goliath beetle (D:8)
  Dowan (D:7)
  A crimson imp (D:7)
  4 big fish (D:8)
  An orc priest (D:8)
  An orc wizard (D:7)
  A worm (D:8)
  A giant mite (D:7)
  A giant eyeball (D:8)
  3 orcs (D:8)
  2 bats (D:8)
31 creatures vanquished.

Vanquished Creatures (others)
  7 ice beasts
  A slave (D:4)
  An orc (D:4)
  A bat (D:4)
  2 goblins
  A plant (D:8)
  21 toadstools
34 creatures vanquished.

Grand Total: 294 creatures vanquished

Notes
Turn   | Place    | Note
--------------------------------------------------------------
     0 | D:1      | RapierX2, the Demigod Assassin, began the quest for the Orb.
     0 | D:1      | Reached XP level 1. HP: 16/16 MP: 2/2
   274 | D:1      | Reached XP level 2. HP: 21/23 MP: 3/3
   306 | D:1      | Reached skill level 1 in Spellcasting
   631 | D:1      | Reached skill level 3 in Fighting
   926 | D:2      | Noticed Terence
   937 | D:2      | Killed Terence
   937 | D:2      | Reached XP level 3. HP: 27/29 MP: 6/6
  1006 | D:2      | Found a shimmering altar of Xom.
  1539 | D:2      | Found an ancient bone altar of Kikubaaqudgha.
  1864 | D:3      | Reached skill level 4 in Fighting
  1867 | D:3      | Reached XP level 4. HP: 34/37 MP: 8/8
  3059 | D:4      | Found a staircase to the Ecumenical Temple.
  3075 | D:4      | Learned a level 1 spell: Freeze
  3092 | D:4      | Found an iron altar of Okawaru.
  3150 | D:4      | Noticed laxity's ghost (average DEFE)
  3284 | D:4      | Reached skill level 1 in Ice Magic
  3284 | D:4      | Reached XP level 5. HP: 44/44 MP: 11/11
  3319 | D:4      | Noticed Prince Ribbit
  3338 | D:4      | Killed Prince Ribbit
  3338 | D:4      | Reached skill level 5 in Fighting
  3338 | D:4      | Reached XP level 6. HP: 17/50 MP: 10/15
  3365 | D:4      | Learned a level 2 spell: Throw Frost
  3416 | D:4      | HP: 2/50 [it/puff of frost (10)]
  4023 | D:4      | Noticed Pikel
  4552 | D:5      | Entered Level 5 of the Dungeon
  4552 | D:5      | Noticed Ijyb
  4561 | D:5      | Killed Ijyb
  4631 | D:5      | Reached XP level 7. HP: 10/57 MP: 9/18
  5625 | D:4      | Killed Pikel
  5625 | D:4      | Reached skill level 6 in Fighting
  5625 | D:4      | Reached skill level 5 in Spellcasting
  5625 | D:4      | Reached XP level 8. HP: 35/66 MP: 20/20
  5768 | D:4      | Your ally freed slave died
  5818 | D:5      | Found a glowing drain. 5847
                  | sewer
                  | Entered the sewers
  6616 | D:5      | Reached skill level 1 in Staves
  6733 | D:5      | Found a basalt altar of Yredelemnul.
  7619 | D:6      | Paralysed by a giant eyeball for 4 turns
  7626 | D:6      | Paralysed by a giant eyeball for 3 turns
  7874 | D:6      | Got a pitted steel ring
  7878 | D:6      | Identified the ring of Phatipsa {+Inv} (You found it on level 6 of the Dungeon)
  8026 | D:7      | Reached skill level 5 in Ice Magic
  8032 | D:7      | Reached XP level 9. HP: 34/71 MP: 17/23
  8196 | D:7      | Learned a level 4 spell: Summon Ice Beast
  8521 | D:7      | Noticed Dowan
  8530 | D:7      | Noticed Duvessa
  8535 | D:7      | Killed Dowan
  8544 | D:7      | Killed Duvessa
 10178 | D:8      | Paralysed by a giant eyeball for 3 turns
 10182 | D:8      | Reached skill level 7 in Spellcasting
 10448 | D:8      | HP: 2/72 [centaur/ runed arrow (4)]
 10454 | D:8      | HP: 1/72 [orc warrior/orcish hand axe (14)]
 10457 | D:8      | Slain by an orc warrior
